 Dungeon Crawl Stone Soup version 0.29.1-14-g9c671dbff4 (webtiles) character file.

Game seed: 11857315636484844093

49 barney the Changer (level 3, 0/28 HPs)
             Began as a Draconian Transmuter on Feb 19, 2023.
             Slain by Robin
             ... wielding a +0 mace
              (5 damage)
             ... on level 2 of the Dungeon.
             The game lasted 00:01:08 (1014 turns).

barney the Changer (Draconian Transmuter)           Turns: 1014, Time: 00:01:09

Health: 0/28       AC:  5    Str: 12    XL:     3   Next: 51%
Magic:  6/6        EV: 12    Int: 15    God:
Gold:   132        SH:  0    Dex: 11    Spells: 5/6 levels left

rFire   . . .      SeeInvis .   d - +2 dagger (freeze)
rCold   . . .      Faith    .   (no shield)
rNeg    . . .      Spirit   .   (body armour unavailable)
rPois   .          Reflect  .   (helmet currently unavailable)
rElec   .          Harm     .   (no cloak)
rCorr   .          Rampage  .   (no gloves)
Will    .....                   (boots currently unavailable)
Stlth   +.........              (no amulet)
HPRegen 0.09/turn               (no ring)
MPRegen 0.10/turn               (no ring)

@: brilliant, appendages (expiring), attractive
A: horns 2, talons 2, AC +5, unfitting armour, cold-blooded
a: End Transformation


You were on level 2 of the Dungeon.
You had temporarily grown beastly horns and talons.
You visited 1 branch of the dungeon, and saw 2 of its levels.

You collected 132 gold pieces.

Inventory:

Hand Weapons
 d - a +2 dagger of freezing (weapon)
Scrolls
 c - a scroll of enchant armour {unknown}
 e - 2 scrolls of brand weapon {unknown}
 f - a scroll of noise {unknown}
 i - 2 scrolls of identify {unknown}
Potions
 a - a potion of lignification


   Skills:
 - Level 1.1 Fighting
 - Level 1.7 Dodging
 - Level 3.0 Unarmed Combat
 - Level 2.0 Spellcasting
 + Level 4.0 Transmutations


You had 5 spell levels left.
You knew the following spells:

 Your Spells              Type           Power      Damage    Failure   Level
a - Beastly Appendage     Tmut           40%        N/A       4%          1

Your spell library contained the following spells:

 Spells                   Type           Power      Damage    Failure   Level
 Wereblood                Tmut           20%        N/A       6%          2
 Summon Small Mammal      Summ           8%         N/A       22%         1
 Spider Form              Tmut/Pois      11%        N/A       28%         3
 Call Canine Familiar     Summ           2%         N/A       54%         3
 Summon Guardian Golem    Hex/Summ       2%         N/A       54%         3
 Ice Form                 Ice/Tmut       11%        N/A       67%         4


Dungeon Overview and Level Annotations

Branches:
Dungeon (2/15)

Altars:

Annotations:
D:2 Robin


Innate Abilities, Weirdness & Mutations

You have temporarily grown beastly horns and talons.
Your plain brown scales are hard. (AC +5)
You cannot fit into any form of body armour.
You are cold-blooded and may be slowed by cold attacks.


Message History

Robin says, "Feeling lonely?"
Robin roars a battlecry!
The goblin goes into a battle-frenzy!
The goblin misses you.
You hit the goblin. You freeze the goblin.
You kill the goblin!
The endoplasm jiggles.
You barely miss the hobgoblin. Your kick misses the hobgoblin.
The hobgoblin barely misses you.
You hit the hobgoblin. You freeze the hobgoblin.
The hobgoblin is heavily wounded.
The hobgoblin barely misses you.
You closely miss the hobgoblin.
The hobgoblin is heavily wounded.
Robin says, "My army is invincible!"
The hobgoblin completely misses you.
You closely miss the hobgoblin. You headbutt the hobgoblin.
You kill the hobgoblin!
You hit the endoplasm. You freeze the endoplasm. You claw the endoplasm.
You kill the endoplasm!
Your Transmutations skill increases to level 4!
You see here a +0 club.
Robin says, "Feeling lonely?"
Your transformation is almost over.
Robin roars a battlecry!
The hobgoblin goes into a battle-frenzy!
You see here a +0 club.
You hit Robin but do no damage. You headbutt Robin.
Robin is lightly wounded.
Robin hits you with a +0 mace.
* * * LOW HITPOINT WARNING * * *
You hit Robin. You freeze Robin. Your kick misses Robin.
Your tail-slap misses Robin.
Robin is heavily wounded.
Robin barely misses you.
Okay, then.
It was a potion of attraction.
You feel attractive to monsters. Robin hits you with a +0 mace.
You die...

#######'#####
.......g....#
............#######.##
.....................#
#######+###)###.###.....
#g###.# ##. ##w##.#
#g##.# #@##.# #....#
#.#### #.#.##
##########....####
.................+
##########....####
#......# ######.#


You could see a worm, Robin and a hobgoblin (strong).

Vanquished Creatures
  Jessica (D:2)
  3 endoplasms
  8 goblins
  3 hobgoblins (D:2)
  A kobold (D:1)
  A ball python (D:1)
  A frilled lizard (D:1)
  A rat (D:1)
19 creatures vanquished.

Notes
Turn   | Place    | Note
-------+----------+-------------------------------------------
     0 | D:1      | barney the Draconian Transmuter began the quest for the
                  | Orb.
     0 | D:1      | Reached XP level 1. HP: 16/16 MP: 3/3
   479 | D:1      | Reached XP level 2. HP: 18/23 MP: 3/5
   758 | D:2      | Noticed Jessica
   763 | D:2      | Killed Jessica
   764 | D:2      | Reached skill level 3 in Transmutations
   764 | D:2      | Reached XP level 3. HP: 28/28 MP: 4/6
   977 | D:2      | Noticed Robin
  1009 | D:2      | Reached skill level 4 in Transmutations
  1014 | D:2      | Slain by Robin

Illustrated notes

Levels and vault maps discovered:
D:1:      amcnicky_arrival_flooded_fountain, layout_rooms
D:2:      kennysheep_six_static_rooms, layout_loops_corners, serial_shops,
          nicolae_diamond_shop, ebering_ecumenical_altar_abandoned, uniq_robin,
          uniq_jessica

Skill      XL: |  1  2  3 |
---------------+----------+-----
Transmutations | 3 4 |  4.0
Fighting       | |  1.1
Dodging        | |  1.7
Unarmed Combat | |  3.0
Spellcasting   | |  2.0

Action                   || total
-------------------------++-------
Melee: Dagger            ||    30
       Unarmed           ||     3
       Kick              ||     8
       Headbutt          ||     5
       Tailslap          ||     4
 Cast: Beastly Appendage ||    11
  Use: Potion            ||     3
Armor: Skin              ||     7
Dodge: Dodged            ||    26
